 Dungeon Crawl Stone Soup version 0.16-b1 (webtiles) character file.

370158 Zapata the Slayer (level 23, -18/228 (240) HPs)
             Began as a Kobold Berserker on Mar 15, 2015.
             Was the Champion of the Shining One.
             Demolished by a stone giant (37 damage)
             ... created by the rage of Trog
             ... on level 3 of the Vaults.
             The game lasted 02:40:41 (58687 turns).

Zapata the Slayer (Kobold Berserker)               Turns: 58687, Time: 02:40:41

HP:   -18/228 (240) AC: 34    Str: 32    XL:     23   Next: 70%
MP:   32/32         EV: 34    Int:  7    God:    the Shining One [******]
Gold: 2262          SH: 10    Dex: 24    Spells: 0 memorised, 22 levels left

rFire  + + +     SeeInvis +     a - +9 sacred scourge (holy)
rCold  + + .     Clarity  .     V - +8 fire dragon armour
rNeg   + + +     SustAb   .     D - +2 buckler of the Planets {rElec rC++ Stlth-}
rPois  +         Gourm    .     t - +2 helmet {SInv}
rElec  +         Spirit   .     i - +0 cloak of the Echidna {rC+ rN+ Str+7 Int+2 Stlth-}
rCorr  .         Warding  .     N - +2 pair of gloves {Str+3}
rMut   .         Stasis   .     X - +2 pair of boots {run}
MR     +....                    h - amulet of rage
Stlth  ..........               M - ring of poison resistance
                                I - +4 ring of slaying

@: berserking, glowing, very quick, somewhat resistant to hostile enchantments,
extremely unstealthy
A: yellow scales 1, carnivore 3, fire resistance 1
a: Divine Shield, Cleansing Flame, Summon Divine Warrior, Renounce Religion,
Evoke Berserk Rage
}: 2/15 runes: barnacled, gossamer


You were on level 3 of the Vaults.
You worshipped the Shining One.
The Shining One was exalted by your worship.
You were full.

You visited 7 branches of the dungeon, and saw 43 of its levels.
You visited 1 bazaar.
You also visited: Trove, Sewer, Ice Cave and Volcano.

You collected 6505 gold pieces.
You spent 4243 gold pieces at shops.

Inventory:

Hand weapons
 a - a +9 sacred scourge of holy wrath (weapon)
 b - a +8 hand crossbow of flaming
Missiles
 m - 79 silver bolts
 v - 14 poisoned bolts
 E - 21 bolts of penetration
 F - 438 bolts
 L - 28 steel bolts
Armour
 i - the +0 cloak of the Echidna (worn) {rC+ rN+ Str+7 Int+2 Stlth-}
   (You bought it in a shop on level 3 of the Shoals)

   It affects your strength (+7).
   It affects your intelligence (+2).
   It protects you from cold.
   It protects you from negative energy.
   It makes you less stealthy.
 n - the +0 pair of boots "Aregam" {rF+ rC+ Regen+ rCorr Str-5}
   (You found it in a treasure trove)

   It affects your strength (-5).
   It protects you from fire.
   It protects you from cold.
   It increases your rate of regeneration.
   It protects you from acid and corrosion.
 t - a +2 helmet of see invisible (worn)
 D - the +2 buckler of the Planets (worn) {rElec rC++ Stlth-}
   (You found it in a treasure trove)

   It greatly protects you from cold.
   It insulates you from electricity.
   It makes you less stealthy.
 N - a +2 pair of gloves of strength (worn)
 V - a +8 fire dragon armour (worn)
 X - a +2 pair of boots of running (worn)
Jewellery
 h - an amulet of rage (around neck)
 k - an uncursed amulet of resist mutation
 I - a +4 ring of slaying (left hand)
 M - a ring of poison resistance (right hand)
Magical devices
 p - a wand of digging (4)
 s - a wand of heal wounds (5)
 H - a wand of fireball (3)
 Q - a wand of teleportation (7)
Scrolls
 l - 10 scrolls of teleportation
 o - 6 scrolls of recharging
 u - 6 scrolls of blinking
 w - a scroll of summoning
 y - 4 scrolls of identify
 G - 4 scrolls of fear
 K - 11 scrolls of remove curse
 Z - 2 scrolls of magic mapping
Potions
 d - 4 potions of magic
 e - 7 potions of restore abilities
 f - 3 potions of heal wounds
 g - 4 potions of resistance
 r - 4 potions of cancellation
 x - 3 potions of haste
 z - 9 potions of curing
 J - 10 potions of agility
 O - 6 potions of flight
 S - 4 potions of might
Comestibles
 c - 3 meat rations
 j - 9 beef jerkies
 q - 2 slices of pizza


   Skills:
 + Level 21.5 Fighting
 - Level 16.0 Maces & Flails
 - Level 8.1 Crossbows
 + Level 12.1 Armour
 - Level 21.1 Dodging
 - Level 17.1 Stealth
 - Level 7.4 Shields
 - Level 8.3 Invocations


You had 22 spell levels left.
You didn't know any spells.

Dungeon Overview and Level Annotations

Branches:
Dungeon (14/15)            Temple (0/1) D:4            Lair (8/8) D:8
 Shoals (5/5) Lair:6       Spider (5/5) Lair:4        Slime (0/6) Lair:8
    Orc (4/4) D:9             Elf (0/3) Orc:3        Vaults (4/5) D:14
  Crypt (3/3) Vaults:3       Tomb (0/3) Crypt:3

Altars:
Ashenzari
Cheibriados
Dithmenos
Kikubaaqudgha
Makhleb
Okawaru
Qazlal
Ru
Trog
Vehumet
Xom
Yredelemnul
Zin
The Shining One
Beogh
Jiyva

Shops:
D:10 *   D:13 !   Orc:1 }*   Orc:2 %   Orc:3 (   Orc:4 =*[((   Shoals:3 [
Shoals:4 :

Annotations:
D:7 dig
Lair:8 1 runed door


Innate Abilities, Weirdness & Mutations

You are small and have problems with some larger weapons.
You are carnivorous and can eat meat at any time.
You are partially covered in yellow scales (AC +2).
Your flesh is heat resistant.


Message History

The stone giant is severely wounded.
The stone giant completely misses you.
You whack the stone giant!
The stone giant is severely wounded.
The stone giant hits you but does no damage.
You whack the stone giant!
The stone giant is almost dead.
You block the stone giant's attack. The stone giant misses you.
You whack the stone giant!
The stone giant is almost dead.
The stone giant completely misses you.
You thrash the stone giant!!
You kill the stone giant!
That felt strangely unrewarding.
You thrash the stone giant!!
The stone giant is lightly wounded.
You hit the stone giant but do no damage.
The stone giant is lightly wounded.
The stone giant hits you!!!
You die...

#........ #........
############ ###'#####
#....'....... #....#
#...)#..... +5..(#
#....##########....#
#..(.#........#....#
#....#.......(#o.(.####
#...)'@......))ยง...#...
#....C........'c...#...
#....#........#....#..8
#....#........#....#...
#....##########....#.#.
#....# +....#... #....'
#....+..8 ######
######... #...


You could see a stone giant (berserk).

Vanquished Creatures
  2 ancient liches (Crypt:3)
  Jory (Crypt:2)
  A bone dragon (Crypt:3)
  2 liches (Crypt:3)
  Asterion (Spider:3)
  A kraken (Shoals:4)
  4 ancient champions
  Rupert (Shoals:3)
  Agnes (Shoals:1)
  An octopode crusher (Shoals:1)
  A storm dragon (Vaults:1)
  2 revenants
  Ilsuiw (Shoals:5)
  An orc warlord (Orc:4)
  Wiglaf (Shoals:3)
  4 ghost moths (Spider:5)
  Louise (Spider:3)
  8 vault wardens
  2 curse skulls
  3 emperor scorpions (Spider:5)
  2 deep elf sorcerers
  Gastronok (Orc:4)
  A spectral weapon (Spider:3)
  10 ironheart preservers
  Jorgrun (Spider:3)
  5 ghouls
  10 stone giants
  2 reapers
  3 war gargoyles (Crypt:3)
  4 vampire knights
  2 deep elf demonologists (Vaults:2)
  Azrael (Spider:1)
  9 vault guards
  Snorg (Spider:1)
  An eidolon (Crypt:3)
  A deep elf death mage (Vaults:1)
  7 merfolk javelineers (Shoals:5)
  8 jiangshi
  2 fire dragons
  11 merfolk impalers
  A quicksilver dragon zombie (Crypt:3)
  Josephine (D:10)
  2 yaktaur captains
  10 ogre magi
  2 great orbs of eyes
  Harold (Lair:6)
  An ice dragon (IceCv)
  8 hydras
  Nessos (Shoals:2)
  5 centaur warriors
  Erica (Lair:4)
  6 merfolk aquamancers
  4 catoblepae
  4 merfolk avatars
  The ghost of herpmino the Severer, an experienced MiGl of Dithmenos (D:10)
  19 death yaks
  A tengu warrior (D:13)
  3 deep troll shamans (Vaults:1)
  3 orc high priests (Orc:4)
  Urug (D:12)
  A soul eater (Crypt:2)
  6 vampire magi
  Nergalle (Lair:1)
  2 deep elf knights (Vaults:1)
  A storm dragon zombie (Crypt:1)
  An ice devil (Orc:4)
  A titan skeleton (Crypt:3)
  A storm dragon skeleton (Vaults:3)
  A shadow wraith (Crypt:3)
  A giant orange brain (Vaults:3)
  30 skeletal warriors
  A golden dragon zombie (Crypt:3)
  18 sea snakes
  An iron troll (D:5)
  A sun demon (Orc:4)
  8 deep trolls
  13 orc knights
  Erolcha (D:11)
  5 unseen horrors
  3 flayed ghosts
  An unseen horror (shapeshifter) (Vaults:1)
  2 golden dragon skeletons
  2 ice statues (IceCv)
  A wolf spider zombie (Crypt:3)
  17 ironbrand convokers
  A sphinx zombie (Vaults:3)
  5 harpies (Shoals:4)
  A shadow dragon zombie (Vaults:3)
  7 necromancers
  23 ugly things
  A faun (Shoals:2)
  10 orb spiders
  15 hill giants
  14 manticores
  2 orc sorcerers (Orc:4)
  2 fire giant zombies
  14 griffons
  18 cyclopes
  A stone giant zombie (Crypt:3)
  A frost giant zombie (Crypt:3)
  A wizard (Vaults:2)
  2 phantasmal warriors (Crypt:1)
  21 wolf spiders
  9 hornets
  7 water nymphs
  An iron dragon skeleton (Crypt:2)
  5 sirens
  A sphinx skeleton (Vaults:3)
  8 elephants
  8 fire giant skeletons
  2 human skeletons (Vaults:3)
  A shock serpent zombie (Crypt:1)
  A drowned soul (Shoals:3)
  A frost giant skeleton (Vaults:1)
  2 stone giant skeletons
  A dire elephant zombie (Crypt:3)
  Joseph (Orc:3)
  A moth of wrath (Spider:4)
  A storm dragon simulacrum (Crypt:1)
  7 black mambas
  2 torpor snails (Spider:1)
  5 gargoyles
  A titan simulacrum (Crypt:1)
  13 yaktaurs
  2 human zombies (Vaults:1)
  5 vault sentinels
  A rust devil (D:12)
  4 centaur skeletons
  A catoblepas zombie (Crypt:3)
  4 kobold demonologists
  A hellion (Crypt:3)
  A shock serpent skeleton (Crypt:3)
  A redback zombie (Crypt:2)
  A swamp worm zombie (Crypt:1)
  12 spiny frogs
  An elf (shapeshifter) (Vaults:3)
  2 fire drakes
  A yaktaur skeleton (Vaults:3)
  11 demonic crawlers
  6 trolls
  37 merfolk
  2 deep elf priests
  7 komodo dragons
  6 freezing wraiths
  A tengu conjurer (D:13)
  8 polar bears
  A golden dragon simulacrum (Crypt:1)
  A silent spectre (Crypt:1)
  20 two-headed ogres
  A hydra skeleton (Crypt:3)
  18 jumping spiders
  An ettin zombie (Crypt:1)
  5 wind drakes
  16 slime creatures
  2 trapdoor spider zombies
  2 boulder beetles
  A fire dragon zombie (Crypt:2)
  7 bog bodies (Crypt:1)
  4 flying skulls (Crypt:2)
  An iron dragon simulacrum (Crypt:1)
  6 ravens (D:13)
  7 shadows
  A frost giant simulacrum (Crypt:1)
  10 snapping turtles
  3 human simulacra
  5 blink frogs
  A guardian serpent skeleton (Crypt:2)
  6 deep elf magi
  64 yaks
  6 basilisks
  A black mamba zombie (Crypt:3)
  10 water elementals
  An ettin skeleton (Crypt:3)
  A queen ant zombie (Crypt:1)
  9 fire dragon skeletons (Crypt:3)
  35 redbacks
  2 fire bats (Volcano)
  4 vampires
  2 ice dragon skeletons
  15 trapdoor spiders
  5 fire elementals (Spider:1)
  14 wraiths
  21 tarantellas
  16 vampire mosquitoes
  The ghost of herpmino the Chopper, an average MiGl (D:4)
  3 wyverns
  4 hungry ghosts
  7 deep elf fighters
  2 steam dragons
  A deep troll zombie (Crypt:2)
  12 hippogriffs
  7 wargs
  17 water moccasins
  12 wolves
  An orb spider zombie (Crypt:2)
  2 soldier ants
  2 deep troll skeletons (Crypt:1)
  A spiny frog zombie (Crypt:2)
  2 mottled dragons
  An infernal demonspawn skeleton (Crypt:2)
  A monstrous demonspawn skeleton (Crypt:2)
  4 phantoms
  35 spiders
  A hydra simulacrum (Crypt:1)
  5 necrophages
  41 orc warriors
  3 sky beasts
  3 wasps
  11 black bears
  7 porcupines
  42 ogres
  21 ice beasts
  An eye of draining (D:14)
  16 centaurs
  A snapping turtle zombie (Crypt:3)
  4 boring beetles
  A brain worm (D:8)
  Duvessa (D:5)
  14 crocodiles
  A hog skeleton (Crypt:2)
  3 big kobolds
  A cyclops zombie (D:14)
  Blork the orc (D:4)
  19 giant frogs
  A gnoll sergeant (D:9)
  20 killer bees
  A boulder beetle zombie (Vaults:1)
  4 scorpions
  A queen bee zombie (Crypt:1)
  11 wights
  A troll skeleton (Crypt:1)
  2 electric eels
  Dowan (D:5)
  4 centaur zombies
  A goliath beetle (D:8)
  7 jellies
  7 giant frog skeletons
  A quasit (D:7)
  A yaktaur simulacrum (Vaults:1)
  6 crimson imps
  22 orc priests
  19 hounds
  9 worker ants
  15 iguanas
  31 orc wizards
  25 sheep
  3 hound skeletons
  A tengu skeleton (Crypt:1)
  2 mummies
  23 adders
  A worker ant zombie (D:9)
  3 orc zombies (Orc:4)
  61 river rats
  3 shadow imps
  A swamp drake skeleton (Crypt:1)
  9 gnolls
  12 white imps (Lair:5)
  9 worms
  2 giant mites
  A sheep zombie (D:14)
  12 giant geckos
  4 oozes
  197 orcs
  3 ball pythons
  A bat skeleton (D:7)
  9 giant cockroaches
  20 goblins
  12 hobgoblins
  9 jackals
  12 quokkas
  21 bats
  10 giant newts
  2 gnoll zombies (D:9)
  A jackal zombie (D:5)
  21 kobolds
  A quokka zombie (Crypt:1)
  19 rats
  2 ballistomycetes (D:12)
  3 crawling corpses (Vaults:3)
  A fungus (Lair:6)
1966 creatures vanquished.

Vanquished Creatures (collateral kills)
  An ironheart preserver (Vaults:1)
  A merfolk impaler (Shoals:5)
  An ice dragon (IceCv)
  6 death yaks
  An orc high priest (Orc:4)
  An orc knight (Orc:4)
  2 orb spiders (Spider:1)
  An orc sorcerer (Orc:4)
  An elephant (Lair:3)
  2 merfolk (Shoals:2)
  A wind drake (Shoals:5)
  3 wraiths (D:10)
  6 yaks
  3 wolves (Lair:3)
  3 vampire mosquitoes (D:9)
  6 orc warriors
  A porcupine (Lair:5)
  A spider (Spider:1)
  3 giant frogs
  A goliath beetle (D:8)
  6 orc wizards (Orc:4)
  2 orc priests (Orc:4)
  A hound (D:9)
  6 orcs
  2 jackals (D:10)
  4 orc zombies (Orc:4)
  A rat (D:10)
67 creatures vanquished.

Vanquished Creatures (others)
  A vault guard (Vaults:3)
  2 hill giants
  12 drowned souls
  A siren (Shoals:2)
  A troll (Vaults:1)
  2 centaurs (Volcano)
  7 lost souls
  An orc priest (Orc:4)
  An orc wizard (Orc:4)
  A giant spore (D:12)
  6 fungi
  9 plants
  8 tentacles (Shoals:4)
  46 tentacle segments (Shoals:4)
98 creatures vanquished.

Grand Total: 2131 creatures vanquished

Notes
Turn   | Place    | Note
--------------------------------------------------------------
     0 | D:1      | Zapata, the Kobold Berserker, began the quest for the Orb.
     0 | D:1      | Reached XP level 1. HP: 14/14 MP: 1/1
   143 | D:1      | Reached XP level 2. HP: 19/19 MP: 2/2
   481 | D:1      | Reached skill level 4 in Maces & Flails
   481 | D:1      | Reached XP level 3. HP: 2/23 MP: 3/3
   485 | D:1      | Acquired Trog's second power
   876 | D:2      | Found a sacrificial altar of Ru.
  1470 | D:2      | Found an iron altar of Okawaru.
  1470 | D:2      | Found a shattered altar of Ashenzari.
  1517 | D:2      | Reached XP level 4. HP: 6/28 MP: 4/4
  2098 | D:2      | Reached skill level 5 in Maces & Flails
  2101 | D:2      | Found a shadowy altar of Dithmenos.
  2703 | D:3      | Reached XP level 5. HP: 32/32 MP: 5/5
  3230 | D:3      | Noticed a moth of wrath
  3234 | D:3      | Found a bloodstained altar of Trog.
  3638 | D:3      | Reached skill level 6 in Maces & Flails
  3749 | D:3      | Reached XP level 6. HP: 37/37 MP: 6/6
  3855 | D:3      | Acquired Trog's third power
  4328 | D:4      | Found a staircase to the Ecumenical Temple.
  4374 | D:4      | Reached skill level 7 in Maces & Flails
  4385 | D:4      | Noticed Blork the orc
  4399 | D:4      | Killed Blork the orc
  4399 | D:4      | Reached XP level 7. HP: 26/41 MP: 7/7
  4644 | D:4      | Noticed herpmino's ghost (average MiGl)
  4650 | D:4      | Killed herpmino's ghost
  4650 | D:4      | Reached skill level 8 in Maces & Flails
  4945 | D:4      | Found a burning altar of Makhleb.
  4955 | D:4      | Noticed a balrug
  5016 | D:4      | Found a snail-covered altar of Cheibriados.
  5159 | D:5      | Entered Level 5 of the Dungeon
  5185 | D:5      | Reached XP level 8. HP: 46/46 MP: 8/8
  5188 | D:5      | Reached skill level 9 in Maces & Flails
  5612 | D:5      | Noticed Duvessa
  5613 | D:5      | Noticed Dowan
  5620 | D:5      | Killed Duvessa
  5620 | D:5      | Reached skill level 10 in Maces & Flails
  5621 | D:5      | Killed Dowan
  5974 | D:5      | Found a glowing golden altar of the Shining One.
  6250 | D:6      | Found an ancient bone altar of Kikubaaqudgha.
  6257 | D:6      | Reached XP level 9. HP: 49/51 MP: 9/9
  6335 | D:6      | Reached skill level 11 in Maces & Flails
  6470 | D:6      | Found a glowing drain.
  6568 | Sewer    | Entered a sewer
  7289 | D:6      | Reached skill level 12 in Maces & Flails
  7584 | D:6      | Received a gift from Trog
  8397 | D:7      | Found a glowing silver altar of Zin.
  8702 | D:8      | Reached skill level 13 in Maces & Flails
  8702 | D:8      | Reached XP level 10. HP: 44/54 MP: 10/10
  8704 | D:8      | Received a gift from Trog
  8717 | D:8      | Found a staircase to the Lair.
  8718 | D:8      | Noticed a komodo dragon
  9176 | D:8      | Found a stormy altar of Qazlal.
  9440 | D:8      | Reached skill level 14 in Maces & Flails
  9848 | D:8      | Received a gift from Trog
 10048 | D:8      | Killed a komodo dragon
 10683 | D:9      | Got a dazzling hand axe
 10684 | D:9      | Identified the +3 hand axe "Oguz" {speed, MR+ Str+2} (You found it on level 9 of the Dungeon)
 10856 | D:9      | Reached XP level 11. HP: 37/60 MP: 11/11
 10917 | D:9      | Reached skill level 5 in Fighting
 10939 | D:9      | Reached skill level 5 in Dodging
 11562 | D:9      | Found a roughly hewn altar of Beogh.
 11564 | D:9      | Found a staircase to the Orcish Mines.
 11695 | D:9      | Found a basalt altar of Yredelemnul.
 11852 | D:10     | Entered Level 10 of the Dungeon
 11882 | D:10     | Noticed Josephine
 11898 | D:10     | Killed Josephine
 12086 | D:10     | Noticed a hill giant
 12097 | D:10     | Killed a hill giant
 12720 | D:10     | Found Oxzo Mae's Assorted Antiques.
 12720 | D:10     | Noticed herpmino's ghost (experienced MiGl)
 12740 | D:10     | Killed herpmino's ghost
 12752 | D:10     | Bought a scroll of identify for 42 gold pieces
 12752 | D:10     | Bought a murky inky potion for 18 gold pieces
 12752 | D:10     | Bought a glowing robe for 14 gold pieces
 12752 | D:10     | Bought a faintly humming scale mail for 189 gold pieces
 12752 | D:10     | Bought a scroll of identify for 42 gold pieces
 12762 | D:10     | Identified the +3 scale mail "Croar" {Regen+} (You bought it in a shop on level 10 of the Dungeon)
 12959 | Lair:1   | Entered Level 1 of the Lair of Beasts
 13621 | Lair:1   | Noticed Nergalle
 13639 | Lair:1   | Killed Nergalle
 13639 | Lair:1   | Reached XP level 12. HP: 73/73 MP: 12/12
 13756 | Lair:1   | Received a gift from Trog
 14458 | Lair:2   | Reached skill level 15 in Maces & Flails
 15177 | Lair:2   | Noticed a seven-headed hydra
 15185 | Lair:2   | Killed a seven-headed hydra
 15469 | Lair:3   | Noticed a six-headed hydra
 15475 | Lair:3   | Killed a six-headed hydra
 15478 | Lair:3   | Reached skill level 16 in Maces & Flails
 15905 | Lair:3   | Received a gift from Trog
 16142 | Lair:3   | Reached XP level 13. HP: 48/78 MP: 4/13
 16157 | Lair:3   | Reached skill level 5 in Armour
 16510 | Lair:3   | Reached skill level 10 in Dodging
 16593 | Lair:3   | Received a gift from Trog
 16620 | Lair:3   | You fall through a shaft for 3 floors!
 16620 | Lair:6   | Found a staircase to the Shoals.
 16650 | Lair:5   | Found a frozen archway.
 16711 | IceCv    | Entered an ice cave
 16784 | IceCv    | Reached skill level 10 in Fighting
 16980 | IceCv    | Received a gift from Trog
 17298 | Lair:5   | Found a dark tunnel.
 17307 | Volcano  | Entered a volcano
 17318 | Volcano  | Identified a +0 pair of boots of running (You found it on level 5 of the Lair of Beasts)
 17808 | Lair:5   | Reached skill level 1 in Shields
 17976 | Lair:4   | Noticed Erica
 17985 | Lair:4   | Killed Erica
 18490 | Lair:4   | Got a distressingly furry scale mail
 18501 | Lair:4   | Identified the +2 scale mail of the Trilobite {rN+ MP+9 Str-2 SInv Stlth+} (You found it on level 4 of the Lair of Beasts)
 18698 | Lair:4   | Found a hole to the Spider Nest.
 19181 | Lair:4   | Reached XP level 14. HP: 88/88 MP: 4/14
 19188 | Lair:4   | Reached skill level 5 in Shields
 20163 | Lair:5   | Received a gift from Trog
 20546 | Lair:6   | Noticed Harold
 20561 | Lair:6   | Killed Harold
 21077 | Lair:7   | Found a staircase to the Slime Pits.
 21161 | Lair:7   | Reached skill level 1 in Stealth
 21204 | Lair:7   | Received a gift from Trog
 22343 | Lair:7   | Reached skill level 5 in Stealth
 22361 | Lair:7   | Received a gift from Trog
 23075 | Lair:8   | Entered Level 8 of the Lair of Beasts
 23121 | Lair:8   | Found a runed door.
 23153 | Lair:8   | Reached XP level 15. HP: 78/94 MP: 5/15
 23154 | Lair:8   | Found a viscous altar of Jiyva.
 23351 | Lair:8   | Received a gift from Trog
 23559 | Lair:8   | Noticed an azure jelly
 23560 | Lair:8   | Noticed an azure jelly
 23561 | Lair:8   | Found a staircase to the Slime Pits.
 24392 | Lair:8   | Received a gift from Trog
 25280 | Orc:1    | Entered Level 1 of the Orcish Mines
 25280 | Orc:1    | Found Qiar's General Store.
 25287 | Orc:1    | Bought a scroll of identify for 30 gold pieces
 25480 | Orc:1    | Found a shimmering altar of Xom.
 25676 | Orc:1    | Found Bitix's Gadget Emporium.
 25789 | Orc:2    | Received a gift from Trog
 25983 | Orc:2    | Found Twaigh's Food Boutique.
 26097 | Orc:2    | You fall through a shaft!
 26385 | Orc:3    | Found a staircase to the Elven Halls.
 26401 | Orc:3    | Found Fuiwustrupp's Antique Weapon Boutique.
 26533 | Orc:3    | Noticed Gastronok
 26538 | Orc:3    | Noticed Joseph
 26540 | Orc:3    | Received a gift from Trog
 26552 | Orc:3    | Killed Joseph
 26836 | Orc:4    | Entered Level 4 of the Orcish Mines
 26883 | Orc:4    | Killed Gastronok
 27152 | Orc:4    | Found Klaupru's Weapon Shoppe.
 27153 | Orc:4    | Received a gift from Trog
 27374 | Orc:4    | Noticed an orc warlord
 27386 | Orc:4    | Killed an orc warlord
 27387 | Orc:4    | Received a gift from Trog
 27389 | Orc:4    | Paralysed by an orc sorcerer for 2 turns
 27606 | Orc:4    | Found Froa's General Store.
 27606 | Orc:4    | Found Thang's Jewellery Shoppe.
 27623 | Orc:4    | Found Hemis' Antique Armour Shoppe.
 27623 | Orc:4    | Found Dol Al Runk's Antique Weapon Emporium.
 27639 | Orc:4    | Bought a scroll of identify for 30 gold pieces
 27652 | Orc:4    | Bought a faintly glowing robe for 171 gold pieces
 27652 | Orc:4    | Bought a crude plate armour for 840 gold pieces
 27652 | Orc:4    | Bought a transparent chain mail for 285 gold pieces
 27663 | Orc:4    | Identified the +7 plate armour "Psemigin" {Dex+4} (You bought it in a shop on level 4 of the Orcish Mines)
 27683 | Orc:4    | Identified the +3 robe of Schass {+Inv +Fly} (You bought it in a shop on level 4 of the Orcish Mines)
 27693 | Orc:4    | Identified the +2 chain mail of the Wilderness {rC- rCorr Str+7} (You bought it in a shop on level 4 of the Orcish Mines)
 27897 | Orc:4    | Received a gift from Trog
 28458 | D:11     | Reached XP level 16. HP: 104/104 MP: 16/16
 28578 | D:11     | Found a portal to a secret trove of treasure.
 28730 | D:11     | Received a gift from Trog
 28783 | D:11     | Noticed Erolcha
 28791 | D:11     | Killed Erolcha
 29625 | D:12     | Noticed Urug
 29634 | D:12     | Reached skill level 10 in Stealth
 29647 | D:12     | Killed Urug
 29728 | D:12     | Received a gift from Trog
 30393 | Spider:1 | Entered Level 1 of the Spider Nest
 30667 | Spider:1 | Noticed Azrael
 30691 | Spider:1 | Killed Azrael
 31195 | Spider:1 | Got a transparent long sword
 31196 | Spider:1 | Identified the cursed -1 long sword of Power {freeze, rF+} (You found it on level 1 of the Spider Nest)
 31284 | Spider:1 | Received a gift from Trog
 31287 | Spider:1 | Got a polished flail {god gift}
 31288 | Spider:1 | Identified the +5 flail "Reupo" {venom, -Tele rElec Dex+3} (Trog gifted it to you on level 1 of the Spider Nest)
 31311 | Spider:1 | Noticed Snorg
 31321 | Spider:1 | Killed Snorg
 32150 | Spider:3 | Noticed Louise
 32162 | Spider:3 | Killed Louise
 32162 | Spider:3 | Reached skill level 15 in Dodging
 32168 | Spider:3 | Received a gift from Trog
 32305 | Spider:3 | Noticed Asterion
 32330 | Spider:3 | Killed Asterion
 32568 | Spider:3 | Noticed Jorgrun
 32578 | Spider:3 | Killed Jorgrun
 32578 | Spider:3 | Reached XP level 17. HP: 102/110 MP: 17/17
 32678 | Spider:3 | Got a transparent ring mail
 32689 | Spider:3 | Identified the +5 ring mail of Cufoz {rN++ rCorr Int+7 Dex-4} (You found it on level 3 of the Spider Nest)
 32783 | Spider:3 | Reached XP level 18. HP: 108/116 MP: 18/18
 33069 | Spider:4 | Received a gift from Trog
 33077 | Spider:4 | Reached skill level 15 in Fighting
 33880 | Spider:5 | Entered Level 5 of the Spider Nest
 33906 | Spider:5 | Received a gift from Trog
 34681 | Spider:5 | Reached skill level 1 in Crossbows
 35149 | Spider:5 | Reached skill level 5 in Crossbows
 35788 | Spider:5 | Received a gift from Trog
 35966 | Spider:5 | Got a gossamer rune of Zot
 36574 | Shoals:1 | Entered Level 1 of the Shoals
 36847 | Shoals:1 | Noticed Agnes
 36871 | Shoals:1 | Killed Agnes
 37354 | Shoals:1 | Received a gift from Trog
 38280 | Shoals:1 | Reached XP level 19. HP: 119/123 MP: 18/18
 38366 | Shoals:2 | Noticed Nessos
 38405 | Shoals:2 | Killed Nessos
 38417 | Shoals:2 | Received a gift from Trog
 38951 | Shoals:3 | Noticed Rupert
 38964 | Shoals:3 | Killed Rupert
 39114 | Shoals:3 | Reached skill level 15 in Stealth
 39124 | Shoals:3 | Received a gift from Trog
 39425 | Shoals:3 | Noticed Wiglaf
 39443 | Shoals:3 | Killed Wiglaf
 39464 | Shoals:3 | Received a gift from Trog
 39508 | Shoals:3 | Received a gift from Trog
 39744 | Shoals:3 | Gained mutation: You are partially covered in yellow scales (AC +2). [potion of beneficial mutation]
 39749 | Shoals:3 | Found Kheuneun's Antique Armour Shop.
 39760 | Shoals:3 | Bought a steaming cloak for 427 gold pieces
 39760 | Shoals:3 | Bought a pair of runed gloves for 202 gold pieces
 39770 | Shoals:3 | Identified the +0 cloak of the Echidna {rC+ rN+ Str+7 Int+2 Stlth-} (You bought it in a shop on level 3 of the Shoals)
 40199 | Shoals:3 | Bought a translucent plate armour for 1260 gold pieces
 40199 | Shoals:3 | Bought a slimy chain mail for 427 gold pieces
 40210 | Shoals:3 | Identified the +1 plate armour of the Blessed Realm {Int+4} (You bought it in a shop on level 3 of the Shoals)
 40220 | Shoals:3 | Identified the +0 chain mail of Qeunuo {rF+ Str-4 Dex+9} (You bought it in a shop on level 3 of the Shoals)
 40274 | Shoals:4 | Received a gift from Trog
 40492 | Shoals:4 | Found a radiant altar of Vehumet.
 40660 | Shoals:4 | Found Xeomae's Book Shop.
 40682 | Shoals:4 | Found a glowing golden altar of the Shining One.
 41000 | Shoals:5 | Entered Level 5 of the Shoals
 41016 | Shoals:5 | Noticed Ilsuiw
 41033 | Shoals:5 | Killed Ilsuiw
 41043 | Shoals:5 | Received a gift from Trog
 41051 | Shoals:5 | Reached skill level 10 in Armour
 41647 | Shoals:5 | Reached skill level 17 in Stealth
 41805 | Shoals:5 | Received a gift from Trog
 41813 | Shoals:5 | Reached XP level 20. HP: 125/130 MP: 19/19
 41847 | Shoals:5 | Got a barnacled rune of Zot
 43619 | D:13     | Received a gift from Trog
 43989 | D:13     | Received a gift from Trog
 44002 | D:13     | Found Epibaog's Distillery.
 44455 | D:14     | Received a gift from Trog
 44482 | D:14     | Found a gate to the Vaults.
 44563 | D:14     | Got a bloodstained chain mail
 44574 | D:14     | Identified the +8 chain mail "Aheen" {rN+ Int+2 Dex-3} (You found it on level 14 of the Dungeon)
 44637 | D:14     | Reached skill level 18 in Dodging
 44848 | Vaults:1 | Entered Level 1 of the Vaults
 44973 | Vaults:1 | Received a gift from Trog
 45450 | Vaults:1 | Received a gift from Trog
 45810 | Vaults:1 | Reached XP level 21. HP: 101/139 MP: 20/20
 45888 | Vaults:1 | Received a gift from Trog
 46246 | Vaults:1 | Reached skill level 19 in Dodging
 46564 | Vaults:1 | Received a gift from Trog
 46713 | Vaults:2 | Received a gift from Trog
 46836 | Vaults:2 | Gained mutation: Your flesh is heat resistant. [potion of beneficial mutation]
 47032 | Vaults:2 | Found a flickering gateway to a bazaar.
 47065 | Vaults:2 | Received a gift from Trog
 47092 | Vaults:2 | Received a gift from Trog
 47178 | Bazaar   | Entered a bazaar
 47178 | Bazaar   | Found Theul's Weapon Boutique.
 47178 | Bazaar   | Found Finkejej's Book Shoppe.
 47178 | Bazaar   | Found Faut Sui's Assorted Antiques.
 47179 | Bazaar   | Found Ysmuwafoa's Book Shoppe.
 47254 | Bazaar   | Bought a pair of runed gloves for 126 gold pieces
 47281 | Bazaar   | Bought a lumpy cabochon amulet for 140 gold pieces
 47711 | Vaults:2 | Received a gift from Trog
 48086 | Vaults:2 | Reached skill level 20 in Dodging
 48408 | Vaults:3 | Received a gift from Trog
 48504 | Vaults:3 | Found a staircase to the Crypt.
 48504 | Vaults:3 | Found a basalt altar of Yredelemnul.
 48504 | Vaults:3 | Found an ancient bone altar of Kikubaaqudgha.
 48604 | Vaults:3 | Received a gift from Trog
 48686 | Vaults:3 | Reached XP level 22. HP: 131/149 MP: 20/20
 48837 | Vaults:3 | Received a gift from Trog
 49642 | Trove    | Entered a treasure trove
 49647 | Trove    | Got a faintly humming leather armour
 49651 | Trove    | Got a pair of shimmering boots
 49659 | Trove    | Got a jewelled buckler
 49667 | Trove    | Got a translucent helmet
 49675 | Trove    | Got a pair of encrusted boots
 49935 | Lair:2   | Identified the +0 leather armour of Qachesch {rElec} (You found it in a treasure trove)
 49955 | Lair:2   | Identified the +0 pair of boots "Aregam" {rF+ rC+ Regen+ rCorr Str-5} (You found it in a treasure trove)
 49995 | Lair:2   | Identified the +2 buckler of the Planets {rElec rC++ Stlth-} (You found it in a treasure trove)
 50025 | Lair:2   | Identified the +0 helmet of Birdsong {rPois rC+} (You found it in a treasure trove)
 50055 | Lair:2   | Identified the +1 pair of boots "Itiec" {+Inv rPois Str-2} (You found it in a treasure trove)
 50626 | D:5      | Fell from the grace of Trog
 50626 | D:5      | Became a worshipper of the Shining One
 51292 | Crypt:1  | Entered Level 1 of the Crypt
 51329 | Crypt:1  | Acquired the Shining One's first power
 51373 | Crypt:1  | Reached skill level 1 in Invocations
 52183 | Crypt:1  | Acquired the Shining One's second power
 52307 | Crypt:1  | Reached skill level 5 in Invocations
 52508 | Crypt:1  | Acquired the Shining One's third power
 53049 | Crypt:1  | Acquired the Shining One's fourth power
 53611 | Crypt:2  | Noticed Jory
 53630 | Crypt:2  | Killed Jory
 54128 | Crypt:3  | Entered Level 3 of the Crypt
 54482 | Crypt:3  | Reached XP level 23. HP: 150/150 MP: 32/32
 54496 | Crypt:3  | Reached skill level 21 in Dodging
 54674 | Crypt:3  | Found a staircase to the Tomb.
 55306 | Crypt:3  | Found an ancient bone altar of Kikubaaqudgha.
 55307 | Crypt:3  | Noticed an ancient lich
 55323 | Crypt:3  | Killed an ancient lich
 55358 | Crypt:3  | Got a glittering copper ring
 55362 | Crypt:3  | Identified the ring of Oenomania {Fire Slay+3} (You found it on level 3 of the Crypt)
 56001 | Crypt:3  | Got a fine hand crossbow
 56002 | Crypt:3  | Identified the +6 hand crossbow of Nios {speed, rElec MR- Str+2} (You found it on level 3 of the Crypt)
 56226 | Crypt:3  | Got a fine hand axe
 56227 | Crypt:3  | Identified the +8 hand axe of the Fox {freeze, +Blink rElec rF+ Str+2 Stlth-} (You found it on level 3 of the Crypt)
 56339 | Crypt:3  | Noticed an ancient lich
 56352 | Crypt:3  | Killed an ancient lich
 57386 | D:5      | Identified a +9 sacred scourge of holy wrath (a +9 demon whip of slashing blessed by the Shining One)
 58687 | Vaults:3 | Demolished by a stone giant

Action                   |  1- 3 |  4- 6 |  7- 9 | 10-12 | 13-15 | 16-18 | 19-21 | 22-24 || total
-------------------------+-------+-------+-------+-------+-------+-------+-------+-------++-------
Melee: Mace              |   118 |   214 |   388 |   633 |       |       |       |       ||  1353
       Morningstar       |       |       |       |   199 |   202 |       |       |   873 ||  1274
       Eveningstar       |       |       |       |       |   794 |       |       |       ||   794
       Demon whip        |       |       |       |       |   376 |  1140 |  1994 |    54 ||  3564
       Sacred scourge    |       |       |       |       |       |       |       |   199 ||   199
 Fire: Hand crossbow     |       |       |       |       |       |     3 |    10 |     4 ||    17
Invok: Berserk           |     4 |     7 |    10 |    17 |    13 |     6 |    14 |       ||    71
       Trog's Hand       |     1 |       |       |       |     1 |       |       |       ||     2
       Burn Spellbooks   |       |     1 |       |     1 |     5 |     2 |     4 |       ||    13
       Brothers in Arms  |       |       |       |     4 |     7 |     1 |     4 |       ||    16
 Abil: Evoke Berserk Rag |       |       |       |       |       |       |       |     5 ||     5
Evoke: Wand              |       |       |       |     8 |     4 |       |     6 |       ||    18
  Use: Scroll            |       |       |     6 |     8 |    30 |    12 |    12 |    13 ||    81
       Potion            |       |       |     1 |       |     2 |     2 |    10 |     1 ||    16
 Stab: Distracted        |     1 |       |       |     1 |     4 |     2 |     3 |       ||    11
       Sleeping          |     1 |     2 |     3 |     1 |    13 |     8 |     6 |     4 ||    38
       Confused          |       |       |       |       |       |       |     1 |       ||     1
       Fleeing           |       |       |       |       |       |       |       |     1 ||     1
  Eat: Chunk             |     4 |    19 |    22 |    29 |    57 |    22 |    20 |    15 ||   188
       Meat ration       |     1 |       |       |     1 |       |     2 |     4 |     3 ||    11
       Royal jelly       |       |       |       |       |       |       |     1 |       ||     1
